 Dungeon Crawl Stone Soup version 0.20-a0-449-g96be121 (webtiles) character file.

68 AlphabetPasta the Skirmisher (level 4, 0/40 HPs)
             Began as a Ghoul Monk on Jan 7, 2017.
             Slain by an adder (5 damage)
             ... on level 3 of the Dungeon.
             The game lasted 00:07:37 (1962 turns).

AlphabetPasta the Skirmisher (Ghoul Monk)           Turns: 1962, Time: 00:07:38

Health: 0/40       AC:  2    Str: 15    XL:     4   Next: 19%
Magic:  3/3        EV: 12    Int:  5    God:
Gold:   111        SH:  0    Dex: 11    Spells: 3/3 levels left

rFire  . . .     SeeInvis .     a - +0 hand axe
rCold  + . .     Gourm    .     b - +0 robe
rNeg   + + +     Faith    .     (no shield)
rPois  ∞         Spirit   .     (no helmet)
rElec  .         Reflect  .     (no cloak)
rCorr  .         Harm     .     (no gloves)
MR     .....                    (no boots)
Stlth  ++........               (no amulet)
                                (no ring)
                                (no ring)

@: rotting
A: rotting body, claws 1, carnivore 3, cold resistance 1, negative energy
resistance 3, slow regeneration 1, torment resistance, unbreathing
a: no special abilities


You were on level 3 of the Dungeon.
You were not hungry.

You visited 1 branch of the dungeon, and saw 3 of its levels.

You collected 111 gold pieces.

Inventory:

Hand Weapons
 a - a +0 hand axe (weapon)
Missiles
 l - 57 bolts
Armour
 b - a +0 robe (worn)
Jewellery
 d - an uncursed ring of wizardry {unknown}
 e - a cursed ring of teleportation {unknown}
 f - an uncursed ring of fire {unknown}
 g - an uncursed ring of protection from cold {unknown}
Scrolls
 n - a scroll of recharging
 o - a scroll of enchant weapon {unknown}
Potions
 h - 2 potions of curing
 i - a potion of flight
 k - a potion of lignification {unknown}
 m - a potion of ambrosia {unknown}
Comestibles
 c - 4 meat rations
 j - a beef jerky


   Skills:
 + Level 3.8 Fighting
 * Level 3.3 Axes
 + Level 1.2 Armour
 - Level 2.6 Dodging
 + Level 3.1 Stealth


You had 3 spell levels left.
You didn't know any spells.

Dungeon Overview and Level Annotations

Branches:
Dungeon (3/15)

Altars:


Innate Abilities, Weirdness & Mutations

Your body is rotting away.
You thrive on raw meat.
You are immune to poison.
You have sharp fingernails.
You are carnivorous and can eat meat at any time.
Your flesh is cold resistant. (rC+)
You are immune to negative energy. (rN+++)
You regenerate slowly when monsters are visible.
You are immune to unholy pain and torment.
You can survive without breathing.


Message History

The adder bites you.
You hit the adder.
The adder is moderately wounded.
The adder bites you. x2
You hit the adder.
The adder is heavily wounded.
The adder closely misses you.
You hit the adder.
The adder is almost dead.
The adder bites you.
* * * LOW HITPOINT WARNING * * *
The adder bites you.
* * * LOW HITPOINT WARNING * * *
You barely miss the adder.
The adder is almost dead.
The adder closely misses you.
You miss the adder.
The adder is almost dead.
The adder bites you.
You die...

.. ...!.... .. #..#
........ #. #..#
........ #.
##...###...#.### .
#.##............. ..#
#.#...###........
....##.#...##.<.......
#....†#...##.........
. #.S@...##......... .
##.....#............
#................
#................
?.........#..#.....
#.#....####..#.....
#......# #.##.....
.......# ### ###.
.......#


You could see an adder.

Vanquished Creatures
  2 adders (D:2)
  A worm (D:2)
  2 dart slugs (D:2)
  2 leopard geckos (D:2)
  A ball python (D:2)
  7 bats
  2 giant cockroaches
  3 goblins (D:2)
  5 hobgoblins
  9 jackals
  A kobold (D:1)
  A rat (D:3)
36 creatures vanquished.

Notes
Turn   | Place    | Note
-------+----------+-------------------------------------------
     0 | D:1      | AlphabetPasta the Ghoul Monk began the quest for the Orb.
     0 | D:1      | Reached XP level 1. HP: 19/19 MP: 0/0
   259 | D:1      | Reached XP level 2. HP: 23/26 MP: 1/1
   815 | D:2      | Reached skill level 1 in Armour
   815 | D:2      | Reached XP level 3. HP: 22/30 MP: 2/2
  1584 | D:2      | Reached XP level 4. HP: 39/40 MP: 3/3
  1962 | D:3      | Slain by an adder

Vault maps used:
D:1:      scummos_arrival_gate
D:3:      lemuel_coloured_pillars_altar, first_bread

Skill      XL: |  1  2  3 |
---------------+----------+-----
Axes           | 3 |  3.3
Armour         | 1 |  1.2
Stealth        | 3 |  3.1
Fighting       | |  3.8
Dodging        | |  2.6

Action                   |  1- 3 |  4- 6 || total
-------------------------+-------+-------++-------
Melee: Hand axe          |   129 |    30 ||   159
  Use: Scroll            |     6 |       ||     6
       Potion            |     1 |       ||     1
 Stab: Sleeping          |     4 |       ||     4
  Eat: Chunk             |    15 |     4 ||    19
Armor: Robe              |    21 |     8 ||    29
Dodge: Dodged            |    94 |    21 ||   115
